[ AOE2 MATCH · #465700079 ]
UnrankedPoles vs Persians
[ REPLAY ANALYSIS · EXTRACTED FROM THE RECORDED GAME ]
Feudal
19:26
Castle
29:04
Imperial
42:44
| APM avg | 19.6 |
| APM peak | 44 |
| eAPM avg | 11.4 |
| Villagers / military | 95 / 53 |
Focus
⚔️ 22.4% · 🌾 77.6%
Obuch ×18 · Spearman ×17 · Petard ×10 · Battering Ram ×4 · Trebuchet (Packed) ×4
Feudal
14:20
Castle
20:04
Imperial
—
| APM avg | 19.8 |
| APM peak | 63 |
| eAPM avg | 10.9 |
| Villagers / military | 88 / 46 |
Focus
⚔️ 26.6% · 🌾 73.4%
Skirmisher ×24 · Fishing Ship ×21 · Galley ×15 · War Elephant ×4 · Unknown (2626) ×4 · Battering Ram ×3
Feudal
15:19
Castle
21:22
Imperial
36:36
| APM avg | 25.2 |
| APM peak | 46 |
| eAPM avg | 13.8 |
| Villagers / military | 129 / 159 |
Focus
⚔️ 25.2% · 🌾 74.8%
Cavalry Archer ×150 · Fishing Ship ×16 · Unknown (2626) ×15 · Fire Galley ×3 · Battering Ram ×3 · Trebuchet (Packed) ×3
Feudal
13:32
Castle
17:56
Imperial
—
| APM avg | 11.3 |
| APM peak | 47 |
| eAPM avg | 4.4 |
| Villagers / military | 27 / 0 |
Focus
⚔️ 23.6% · 🌾 76.4%
Fishing Ship ×4
Feudal
—
Castle
—
Imperial
—
| APM avg | 14.1 |
| APM peak | 32 |
| eAPM avg | 8.2 |
| Villagers / military | 85 / 86 |
Focus
⚔️ 32.8% · 🌾 67.2%
Cavalry Archer ×60 · Tarkan ×21 · Battering Ram ×3 · Monk ×2
Feudal
14:03
Castle
18:27
Imperial
—
| APM avg | 38.5 |
| APM peak | 67 |
| eAPM avg | 17.2 |
| Villagers / military | 101 / 24 |
Focus
⚔️ 20.0% · 🌾 80.0%
Mangudai ×9 · Fishing Ship ×6 · Steppe Lancer ×4 · Knight ×3 · Battering Ram ×3 · Scorpion ×2
Feudal
15:43
Castle
20:21
Imperial
40:27
| APM avg | 27.6 |
| APM peak | 64 |
| eAPM avg | 14.2 |
| Villagers / military | 91 / 50 |
Focus
⚔️ 18.9% · 🌾 81.1%
Conquistador ×36 · Fishing Ship ×12 · Knight ×7 · Fire Galley ×4 · Unknown (2626) ×4 · Trebuchet (Packed) ×3
Feudal
13:53
Castle
21:02
Imperial
35:16
| APM avg | 20.3 |
| APM peak | 45 |
| eAPM avg | 11.3 |
| Villagers / military | 146 / 183 |
Focus
⚔️ 23.0% · 🌾 77.0%
Spearman ×180 · Fishing Ship ×9 · Battering Ram ×3
Match map
Initial resources + every placement click. Lines = walls · curves = elevation contours. ◆ gold · ⬟ stone · ● berries · ✦ relic · ◌ wall gap
Inputs per minute
— TmZ_rogers - - trinhhoangduc90
Build order — TmZ_rogers
First 150 of 234 actions detected
| 1:34 | Build | Town Center |
| 3:33 | Create | Villager (Male) ×4 |
| 4:01 | Build | House |
| 4:19 | Build | Lumber Camp |
| 5:04 | Create | Villager (Male) |
| 5:04 | Create | Villager (Male) |
| 5:27 | Build | House |
| 5:40 | Create | Villager (Male) |
| 5:40 | Create | Villager (Male) |
| 5:46 | Build | House |
| 6:14 | Research | Loom |
| 6:15 | Create | Villager (Male) |
| 6:15 | Create | Villager (Male) |
| 6:47 | Build | House |
| 6:49 | Create | Villager (Male) |
| 6:50 | Create | Villager (Male) |
| 7:13 | Build | House |
| 7:22 | Create | Villager (Male) |
| 7:57 | Create | Villager (Male) |
| 7:57 | Create | Villager (Male) |
| 8:20 | Create | Villager (Male) |
| 8:20 | Create | Villager (Male) |
| 8:48 | Create | Villager (Male) |
| 8:49 | Create | Villager (Male) |
| 9:04 | Create | Villager (Male) |
| 9:05 | Create | Villager (Male) |
| 9:34 | Create | Villager (Male) |
| 9:34 | Create | Villager (Male) |
| 9:41 | Create | Villager (Male) |
| 9:42 | Create | Villager (Male) |
| 10:26 | Build | Mill |
| 10:39 | Create | Villager (Male) |
| 10:39 | Create | Villager (Male) |
| 10:39 | Create | Villager (Male) |
| 10:52 | Build | Mill |
| 11:35 | Create | Villager (Male) |
| 11:35 | Create | Villager (Male) |
| 11:36 | Create | Villager (Male) |
| 11:49 | Build | Outpost |
| 12:49 | Create | Villager (Male) |
| 13:24 | Create | Villager (Male) |
| 13:25 | Create | Villager (Male) |
| 13:42 | Build | Lumber Camp |
| 14:02 | Create | Villager (Male) |
| 14:24 | Create | Villager (Male) |
| 15:00 | Create | Villager (Male) |
| 15:25 | Create | Villager (Male) |
| 15:42 | Build | Outpost |
| 15:46 | Build | Outpost |
| 15:51 | Create | Villager (Male) |
| 16:05 | Build | Farm |
| 16:07 | Build | Farm |
| 16:08 | Build | Farm |
| 16:16 | Create | Villager (Male) |
| 16:23 | Build | Farm |
| 16:24 | Build | Farm |
| 16:26 | Build | Farm |
| 16:44 | Create | Villager (Male) |
| 16:50 | Build | House |
| 17:14 | Build | Farm |
| 17:16 | Research | Feudal Age |
| 17:18 | Build | Farm |
| 17:31 | Build | Mining Camp |
| 17:40 | Build | House |
| 17:44 | Build | House |
| 17:45 | Build | House |
| 18:00 | Build | Farm |
| 18:02 | Build | Farm |
| 18:17 | Build | Mill |
| 18:20 | Build | Farm |
| 18:21 | Build | Farm |
| 18:21 | Build | Farm |
| 18:21 | Build | Farm |
| 18:21 | Build | Farm |
| 18:29 | Create | Villager (Male) |
| 18:39 | Build | House |
| 18:41 | Build | House |
| 18:43 | Build | House |
| 18:48 | Build | Outpost |
| 19:25 | Build | Farm |
| 19:26 | Age | Feudal Age |
| 19:30 | Build | Blacksmith |
| 19:39 | Build | Market |
| 19:50 | Build | Farm |
| 19:57 | Research | Town Watch |
| 20:22 | Build | Barracks |
| 20:40 | Build | Lumber Camp |
| 20:56 | Research | Wheelbarrow |
| 21:05 | Create | Spearman |
| 21:05 | Create | Spearman |
| 21:05 | Create | Spearman |
| 21:09 | Build | House |
| 21:13 | Build | House |
| 21:22 | Build | Palisade Wall |
| 22:13 | Create | Villager (Male) |
| 22:13 | Create | Villager (Male) |
| 22:47 | Create | Villager (Male) |
| 22:48 | Create | Villager (Male) |
| 22:56 | Create | Spearman |
| 22:57 | Create | Spearman |
| 22:57 | Create | Spearman |
| 23:05 | Build | Market |
| 23:28 | Build | Barracks |
| 23:33 | Build | Farm |
| 23:38 | Create | Villager (Male) |
| 24:24 | Create | Spearman ×5 |
| 24:44 | Build | Mining Camp |
| 25:15 | Build | Lumber Camp |
| 25:22 | Create | Villager (Male) ×5 |
| 25:25 | Build | Blacksmith |
| 25:31 | Research | Horse Collar |
| 26:03 | Build | Stable |
| 26:23 | Research | Castle Age |
| 27:35 | Build | House |
| 27:48 | Research | Arson |
| 28:05 | Build | Mill |
| 28:07 | Build | Farm |
| 28:08 | Build | Farm |
| 28:08 | Build | Farm |
| 28:08 | Build | Farm |
| 28:08 | Build | Farm |
| 28:09 | Build | Farm |
| 28:09 | Build | Farm |
| 28:09 | Build | Farm |
| 28:09 | Build | Farm |
| 29:04 | Age | Castle Age |
| 29:14 | Research | Hand Cart |
| 29:26 | Build | Castle |
| 29:45 | Research | Pikeman (upgrade) |
| 30:11 | Build | Town Center |
| 30:38 | Build | Siege Workshop |
| 30:55 | Create | Petard ×2 |
| 31:23 | Create | Battering Ram |
| 31:23 | Create | Battering Ram |
| 31:26 | Create | Villager (Male) ×2 |
| 31:30 | Build | Farm |
| 31:35 | Create | Petard |
| 31:35 | Create | Petard |
| 31:55 | Create | Villager (Male) ×2 |
| 32:24 | Create | Battering Ram |
| 32:27 | Create | Villager (Male) |
| 32:28 | Create | Villager (Male) |
| 32:28 | Create | Villager (Male) |
| 32:29 | Create | Villager (Male) |
| 32:37 | Build | Castle |
| 33:01 | Create | Petard |
| 33:01 | Create | Petard |
| 33:28 | Create | Petard |
| 33:28 | Create | Petard |
| 33:31 | Create | Battering Ram |
Build order — trinhhoangduc90
First 150 of 277 actions detected
| 0:14 | Build | Town Center |
| 1:52 | Build | Dock |
| 1:59 | Build | House |
| 2:37 | Create | Villager (Male) |
| 2:37 | Create | Villager (Male) |
| 2:37 | Create | Villager (Male) |
| 2:38 | Create | Villager (Male) |
| 2:38 | Create | Villager (Male) |
| 2:38 | Create | Villager (Male) |
| 2:38 | Create | Villager (Male) |
| 2:41 | Create | Fishing Ship |
| 2:41 | Create | Fishing Ship |
| 2:41 | Create | Fishing Ship |
| 4:27 | Research | Loom |
| 4:42 | Build | House |
| 4:57 | Create | Villager (Male) |
| 4:57 | Create | Villager (Male) |
| 5:14 | Create | Fishing Ship |
| 5:15 | Create | Fishing Ship |
| 5:44 | Create | Villager (Male) |
| 5:44 | Create | Villager (Male) |
| 5:44 | Create | Villager (Male) |
| 5:54 | Build | House |
| 5:58 | Create | Fishing Ship |
| 5:59 | Create | Fishing Ship |
| 6:09 | Create | Villager (Male) |
| 6:09 | Create | Villager (Male) |
| 6:10 | Create | Villager (Male) |
| 6:39 | Create | Villager (Male) |
| 6:39 | Create | Villager (Male) |
| 6:39 | Create | Villager (Male) |
| 7:02 | Create | Villager (Male) |
| 7:02 | Create | Villager (Male) |
| 7:02 | Create | Villager (Male) |
| 7:03 | Create | Villager (Male) |
| 7:06 | Create | Fishing Ship |
| 7:06 | Create | Fishing Ship |
| 7:23 | Build | House |
| 7:27 | Build | House |
| 7:46 | Create | Villager (Male) |
| 7:47 | Create | Villager (Male) |
| 7:47 | Create | Villager (Male) |
| 7:59 | Create | Fishing Ship |
| 7:59 | Create | Fishing Ship |
| 7:59 | Create | Fishing Ship |
| 8:35 | Create | Fishing Ship |
| 8:37 | Create | Villager (Male) |
| 8:37 | Create | Villager (Male) |
| 8:38 | Create | Villager (Male) |
| 9:05 | Create | Villager (Male) |
| 9:06 | Create | Villager (Male) |
| 9:10 | Create | Fishing Ship |
| 9:20 | Build | House |
| 9:47 | Build | Mill |
| 9:50 | Create | Villager (Male) |
| 9:55 | Create | Fishing Ship |
| 9:56 | Create | Fishing Ship |
| 10:04 | Build | House |
| 10:14 | Create | Villager (Male) |
| 10:23 | Create | Villager (Male) |
| 10:24 | Create | Fishing Ship |
| 10:24 | Create | Fishing Ship |
| 10:31 | Build | House |
| 11:02 | Create | Villager (Male) |
| 11:03 | Create | Villager (Male) |
| 11:10 | Create | Fishing Ship |
| 11:30 | Build | Lumber Camp |
| 11:37 | Create | Villager (Male) |
| 11:39 | Create | Fishing Ship |
| 12:09 | Build | Farm |
| 12:13 | Build | Farm |
| 12:15 | Research | Feudal Age |
| 12:20 | Create | Fishing Ship |
| 12:33 | Build | Mining Camp |
| 13:30 | Build | Barracks |
| 13:38 | Build | House |
| 14:07 | Create | Villager (Male) |
| 14:08 | Create | Villager (Male) |
| 14:20 | Age | Feudal Age |
| 14:21 | Research | Double-Bit Axe |
| 14:22 | Research | Double-Bit Axe |
| 14:22 | Research | Double-Bit Axe |
| 14:24 | Research | Gold Mining |
| 14:30 | Create | Villager (Male) |
| 14:31 | Create | Villager (Male) |
| 14:40 | Build | Blacksmith |
| 14:52 | Create | Unit 2626 |
| 15:13 | Build | House |
| 15:16 | Build | House |
| 15:18 | Build | House |
| 15:24 | Create | Villager (Male) |
| 15:28 | Build | Mining Camp |
| 16:15 | Build | House |
| 16:24 | Build | Stable |
| 16:30 | Research | Wheelbarrow |
| 16:55 | Build | Dock |
| 17:04 | Build | House |
| 17:05 | Build | House |
| 17:13 | Research | Castle Age |
| 17:13 | Research | Castle Age |
| 17:22 | Research | Stone Mining |
| 17:22 | Research | Stone Mining |
| 17:32 | Create | Unit 2626 |
| 17:43 | Research | Tech 906 |
| 17:43 | Research | Tech 906 |
| 18:45 | Create | Unit 2626 |
| 18:46 | Create | Unit 2626 |
| 18:56 | Research | Horse Collar |
| 19:07 | Build | House |
| 19:08 | Build | House |
| 19:11 | Build | House |
| 20:04 | Age | Castle Age |
| 20:14 | Research | Gillnets |
| 20:15 | Research | Gillnets |
| 20:33 | Research | War Galley (upgrade) |
| 20:46 | Create | Galley |
| 20:46 | Create | Galley |
| 20:58 | Create | Villager (Male) |
| 20:58 | Create | Villager (Male) |
| 20:59 | Create | Villager (Male) |
| 21:17 | Build | Town Center |
| 21:20 | Create | Villager (Male) |
| 21:21 | Create | Villager (Male) |
| 21:26 | Build | Farm |
| 22:17 | Research | Bow Saw |
| 22:17 | Research | Bow Saw |
| 22:17 | Research | Bow Saw |
| 22:20 | Research | Gold Shaft Mining |
| 22:20 | Research | Gold Shaft Mining |
| 22:24 | Create | Villager (Male) |
| 22:24 | Create | Villager (Male) |
| 22:25 | Create | Villager (Male) |
| 22:25 | Create | Villager (Male) |
| 22:43 | Create | Galley |
| 22:43 | Create | Galley |
| 23:23 | Research | Fletching |
| 23:23 | Research | Fletching |
| 23:26 | Create | Villager (Male) |
| 23:27 | Create | Villager (Male) |
| 23:27 | Create | Villager (Male) |
| 23:27 | Create | Villager (Male) |
| 23:42 | Create | Galley |
| 23:42 | Create | Galley |
| 24:16 | Create | Galley |
| 24:16 | Create | Galley |
| 24:31 | Create | Villager (Male) |
| 24:31 | Create | Villager (Male) |
| 24:32 | Create | Villager (Male) |
| 24:32 | Create | Villager (Male) |
| 25:24 | Create | Galley |
Build order — messenger1
First 150 of 322 actions detected
| 0:27 | Build | Town Center |
| 1:51 | Build | Dock |
| 2:55 | Build | House |
| 3:01 | Create | Villager (Male) |
| 3:01 | Create | Villager (Male) |
| 3:02 | Create | Villager (Male) |
| 3:02 | Create | Villager (Male) |
| 4:23 | Create | Fishing Ship |
| 4:24 | Create | Fishing Ship |
| 4:38 | Build | House |
| 4:43 | Create | Villager (Male) |
| 4:47 | Research | Loom |
| 5:21 | Create | Fishing Ship |
| 5:57 | Create | Fishing Ship |
| 6:09 | Create | Villager (Male) |
| 6:35 | Create | Fishing Ship |
| 6:44 | Build | House |
| 6:59 | Create | Villager (Male) |
| 7:18 | Create | Fishing Ship |
| 7:18 | Create | Fishing Ship |
| 7:26 | Create | Villager (Male) |
| 7:45 | Create | Fishing Ship |
| 8:15 | Create | Villager (Male) |
| 8:17 | Build | House |
| 8:23 | Create | Fishing Ship |
| 8:33 | Create | Villager (Male) |
| 8:34 | Create | Villager (Male) |
| 9:14 | Build | Dock |
| 9:16 | Create | Villager (Male) |
| 9:31 | Create | Fishing Ship |
| 9:36 | Create | Villager (Male) |
| 9:39 | Build | House |
| 9:40 | Build | House |
| 9:58 | Create | Fishing Ship |
| 10:11 | Create | Villager (Male) |
| 10:15 | Build | House |
| 10:30 | Create | Fishing Ship |
| 10:34 | Create | Villager (Male) |
| 10:49 | Create | Villager (Male) |
| 11:01 | Create | Fishing Ship |
| 11:02 | Create | Villager (Male) |
| 11:03 | Create | Villager (Male) |
| 11:11 | Create | Fishing Ship |
| 11:40 | Create | Villager (Male) |
| 11:43 | Create | Fishing Ship |
| 12:04 | Create | Fishing Ship |
| 12:37 | Build | Mining Camp |
| 13:09 | Research | Feudal Age |
| 14:00 | Build | Lumber Camp |
| 15:19 | Age | Feudal Age |
| 15:23 | Create | Unit 2626 |
| 15:27 | Create | Unit 2626 |
| 15:28 | Create | Unit 2626 |
| 15:29 | Create | Villager (Male) |
| 15:31 | Research | Double-Bit Axe |
| 15:35 | Build | Blacksmith |
| 15:37 | Create | Villager (Male) |
| 15:38 | Create | Villager (Male) |
| 15:44 | Build | House |
| 15:47 | Build | House |
| 15:58 | Create | Unit 2626 |
| 16:02 | Create | Villager (Male) |
| 16:30 | Build | Mill |
| 16:34 | Create | Villager (Male) |
| 16:58 | Create | Villager (Male) |
| 17:12 | Create | Unit 2626 ×3 |
| 17:12 | Create | Unit 2626 ×3 |
| 17:20 | Create | Villager (Male) |
| 17:20 | Create | Villager (Male) |
| 17:58 | Build | Market |
| 18:06 | Create | Unit 2626 |
| 18:06 | Create | Unit 2626 |
| 18:06 | Create | Unit 2626 |
| 18:35 | Build | Lumber Camp |
| 18:42 | Research | Castle Age |
| 18:53 | Build | House |
| 18:54 | Build | House |
| 18:58 | Create | Unit 2626 |
| 18:58 | Create | Unit 2626 |
| 19:22 | Research | Horse Collar |
| 20:37 | Build | Dock |
| 21:22 | Age | Castle Age |
| 21:27 | Create | Villager (Male) |
| 21:27 | Create | Villager (Male) |
| 21:27 | Create | Villager (Male) |
| 21:31 | Build | Town Center |
| 21:34 | Build | Town Center |
| 21:46 | Create | Villager (Male) |
| 21:46 | Create | Villager (Male) |
| 21:49 | Build | Town Center |
| 21:59 | Research | Bow Saw |
| 22:03 | Create | Villager (Male) |
| 22:04 | Create | Villager (Male) |
| 22:04 | Create | Villager (Male) |
| 22:09 | Build | House |
| 22:09 | Build | House |
| 22:10 | Build | House |
| 22:24 | Research | War Galley (upgrade) |
| 22:24 | Research | War Galley (upgrade) |
| 22:44 | Create | Villager (Male) |
| 22:44 | Create | Villager (Male) |
| 23:36 | Create | Villager (Male) |
| 23:37 | Create | Villager (Male) |
| 23:37 | Create | Villager (Male) |
| 23:37 | Create | Villager (Male) |
| 23:40 | Create | Villager (Male) |
| 23:41 | Create | Villager (Male) |
| 23:41 | Create | Villager (Male) |
| 23:41 | Create | Villager (Male) |
| 23:43 | Build | Farm |
| 23:57 | Build | Farm |
| 23:58 | Build | Farm |
| 23:58 | Build | Farm |
| 23:58 | Build | Farm |
| 23:58 | Build | Farm |
| 23:59 | Build | Farm |
| 23:59 | Build | Farm |
| 23:59 | Build | Farm |
| 24:00 | Build | Farm |
| 24:00 | Build | Farm |
| 24:18 | Create | Villager (Male) |
| 24:19 | Create | Villager (Male) |
| 24:19 | Create | Villager (Male) |
| 24:19 | Create | Villager (Male) |
| 24:36 | Create | Villager (Male) |
| 24:36 | Create | Villager (Male) |
| 24:37 | Create | Villager (Male) |
| 24:37 | Create | Villager (Male) |
| 24:38 | Create | Villager (Male) |
| 24:53 | Create | Villager (Male) |
| 24:54 | Create | Villager (Male) |
| 24:54 | Create | Villager (Male) |
| 24:55 | Create | Villager (Male) |
| 25:00 | Build | Farm |
| 25:01 | Build | Farm |
| 25:02 | Build | Farm |
| 25:14 | Create | Villager (Male) |
| 25:15 | Create | Villager (Male) |
| 25:16 | Create | Villager (Male) |
| 25:16 | Create | Villager (Male) |
| 25:17 | Create | Villager (Male) |
| 25:19 | Build | Farm |
| 25:40 | Create | Villager (Male) |
| 25:40 | Create | Villager (Male) |
| 25:41 | Create | Villager (Male) |
| 25:41 | Create | Villager (Male) |
| 25:42 | Create | Villager (Male) |
| 25:58 | Create | Fire Galley ×3 |
| 26:10 | Create | Villager (Male) |
| 26:11 | Create | Villager (Male) |
Build order — DongHan
58 actions detected in the replay
| 0:32 | Build | Town Center |
| 3:05 | Create | Villager (Male) |
| 3:05 | Create | Villager (Male) |
| 3:06 | Create | Villager (Male) |
| 3:33 | Build | Dock |
| 3:42 | Create | Villager (Male) |
| 4:02 | Build | House |
| 4:08 | Research | Loom |
| 4:09 | Create | Villager (Male) |
| 4:09 | Create | Villager (Male) |
| 4:28 | Build | House |
| 5:15 | Create | Fishing Ship |
| 6:09 | Create | Villager (Male) |
| 6:28 | Create | Fishing Ship |
| 6:38 | Create | Villager (Male) |
| 6:39 | Create | Villager (Male) |
| 6:39 | Create | Villager (Male) |
| 7:21 | Create | Villager (Male) |
| 7:26 | Build | House |
| 7:53 | Create | Villager (Male) |
| 7:53 | Create | Villager (Male) |
| 8:16 | Create | Villager (Male) |
| 8:28 | Create | Fishing Ship |
| 9:09 | Create | Villager (Male) |
| 9:12 | Create | Villager (Male) |
| 9:42 | Create | Villager (Male) |
| 9:48 | Build | House |
| 10:30 | Create | Villager (Male) |
| 10:52 | Create | Villager (Male) |
| 10:54 | Build | Mill |
| 11:22 | Research | Feudal Age |
| 11:50 | Create | Villager (Male) |
| 12:11 | Build | House |
| 12:13 | Build | House |
| 12:15 | Build | Palisade Wall |
| 12:33 | Create | Fishing Ship |
| 13:32 | Age | Feudal Age |
| 13:39 | Build | Blacksmith |
| 13:43 | Build | Market |
| 13:59 | Create | Villager (Male) |
| 14:13 | Build | Farm |
| 14:26 | Create | Villager (Male) |
| 14:51 | Create | Villager (Male) |
| 15:00 | Build | Farm |
| 15:15 | Research | Castle Age |
| 15:22 | Build | Lumber Camp |
| 15:49 | Research | Double-Bit Axe |
| 16:43 | Build | Barracks |
| 16:49 | Create | Villager (Male) |
| 16:53 | Research | Horse Collar |
| 16:59 | Build | Farm |
| 17:32 | Create | Villager (Male) |
| 17:47 | Build | Farm |
| 17:56 | Age | Castle Age |
| 18:23 | Build | Town Center |
| 18:28 | Research | Bow Saw |
| 18:48 | Create | Villager (Male) |
| 19:12 | Create | Villager (Male) |
Build order — JacobitoHigh
First 150 of 168 actions detected
| 0:55 | Build | Town Center |
| 1:44 | Build | Town Center |
| 3:24 | Create | Villager (Male) |
| 3:25 | Create | Villager (Male) ×3 |
| 4:24 | Create | Villager (Male) |
| 5:17 | Create | Villager (Male) |
| 5:51 | Create | Villager (Male) |
| 5:52 | Create | Villager (Male) |
| 6:30 | Create | Villager (Male) |
| 6:30 | Create | Villager (Male) |
| 7:08 | Create | Villager (Male) |
| 7:17 | Research | Loom |
| 8:05 | Create | Villager (Male) |
| 8:24 | Create | Villager (Male) |
| 8:24 | Create | Villager (Male) |
| 8:25 | Create | Villager (Male) |
| 8:25 | Create | Villager (Male) |
| 8:25 | Create | Villager (Male) |
| 8:37 | Create | Villager (Male) |
| 9:26 | Create | Villager (Male) |
| 9:33 | Create | Villager (Male) |
| 9:34 | Create | Villager (Male) |
| 10:00 | Build | Mill |
| 10:14 | Create | Villager (Male) |
| 10:15 | Create | Villager (Male) |
| 10:15 | Create | Villager (Male) |
| 10:15 | Create | Villager (Male) |
| 10:15 | Create | Villager (Male) |
| 10:16 | Create | Villager (Male) |
| 10:51 | Create | Villager (Male) |
| 10:51 | Create | Villager (Male) |
| 11:14 | Build | Lumber Camp |
| 11:42 | Research | Feudal Age |
| 12:47 | Build | Mill |
| 13:40 | Create | Villager (Male) ×5 |
| 14:06 | Research | Double-Bit Axe |
| 16:03 | Build | Blacksmith |
| 16:05 | Create | Villager (Male) |
| 16:06 | Create | Villager (Male) |
| 16:07 | Create | Villager (Male) |
| 16:58 | Build | Market |
| 17:15 | Create | Villager (Male) |
| 17:16 | Research | Horse Collar |
| 17:43 | Research | Castle Age |
| 20:09 | Create | Villager (Male) ×5 |
| 20:34 | Build | Town Center |
| 20:51 | Build | Town Center |
| 21:11 | Create | Villager (Male) |
| 21:11 | Create | Villager (Male) |
| 21:13 | Create | Villager (Male) |
| 21:13 | Create | Villager (Male) |
| 21:20 | Research | Bow Saw |
| 21:42 | Build | Monastery |
| 21:53 | Create | Villager (Male) |
| 21:54 | Create | Villager (Male) |
| 22:04 | Build | Farm |
| 22:04 | Build | Farm |
| 22:04 | Build | Farm |
| 22:05 | Build | Farm |
| 22:05 | Build | Farm |
| 22:13 | Build | Mill |
| 22:17 | Create | Villager (Male) |
| 22:48 | Create | Monk |
| 22:55 | Build | Farm |
| 22:55 | Build | Farm |
| 22:55 | Build | Farm |
| 22:56 | Build | Farm |
| 22:57 | Build | Farm |
| 22:59 | Build | Farm |
| 23:09 | Create | Villager (Male) |
| 23:10 | Create | Villager (Male) |
| 23:14 | Create | Villager (Male) |
| 23:38 | Build | Farm |
| 24:21 | Create | Villager (Male) |
| 24:22 | Create | Villager (Male) |
| 24:23 | Create | Villager (Male) |
| 24:25 | Create | Villager (Male) |
| 24:26 | Create | Villager (Male) |
| 24:51 | Create | Villager (Male) |
| 24:51 | Create | Villager (Male) |
| 24:53 | Create | Villager (Male) |
| 24:53 | Create | Villager (Male) |
| 25:47 | Create | Villager (Male) |
| 25:48 | Create | Villager (Male) |
| 25:49 | Create | Villager (Male) |
| 26:19 | Build | Barracks |
| 26:41 | Create | Monk |
| 26:52 | Build | Mining Camp |
| 27:21 | Build | Barracks |
| 27:56 | Build | Archery Range |
| 28:15 | Build | Castle |
| 28:35 | Build | Lumber Camp |
| 28:58 | Create | Villager (Male) |
| 28:58 | Create | Villager (Male) |
| 28:59 | Create | Villager (Male) |
| 29:00 | Create | Villager (Male) |
| 29:00 | Create | Villager (Male) |
| 29:00 | Create | Villager (Male) |
| 29:01 | Create | Villager (Male) |
| 29:01 | Create | Villager (Male) |
| 29:01 | Create | Villager (Male) |
| 29:02 | Create | Villager (Male) |
| 29:02 | Create | Villager (Male) |
| 29:03 | Create | Villager (Male) |
| 29:03 | Create | Villager (Male) |
| 29:04 | Create | Villager (Male) |
| 29:04 | Create | Villager (Male) |
| 29:05 | Create | Villager (Male) |
| 29:20 | Build | Siege Workshop |
| 29:24 | Create | Tarkan ×5 |
| 29:25 | Create | Tarkan ×3 |
| 29:40 | Create | Villager (Male) |
| 30:05 | Build | Lumber Camp |
| 30:23 | Create | Tarkan |
| 30:23 | Create | Tarkan |
| 30:34 | Research | Scale Barding Armor |
| 31:13 | Create | Villager (Male) |
| 32:03 | Create | Tarkan |
| 32:42 | Build | Town Center |
| 34:06 | Create | Tarkan ×5 |
| 34:07 | Create | Tarkan ×5 |
| 34:11 | Create | Battering Ram |
| 34:44 | Research | Chain Barding Armor |
| 35:03 | Build | Castle |
| 35:40 | Create | Battering Ram |
| 35:41 | Create | Battering Ram |
| 36:24 | Create | Villager (Male) |
| 36:24 | Create | Villager (Male) |
| 36:35 | Build | Castle |
| 36:38 | Build | Mining Camp |
| 37:35 | Build | Archery Range |
| 37:37 | Build | Archery Range |
| 37:38 | Build | Archery Range |
| 37:40 | Build | Archery Range |
| 37:41 | Build | Archery Range |
| 37:42 | Build | Archery Range |
| 38:07 | Build | Mill |
| 38:08 | Build | Farm |
| 38:09 | Build | Farm |
| 38:09 | Build | Farm |
| 38:09 | Build | Farm |
| 38:10 | Build | Farm |
| 38:10 | Build | Farm |
| 38:38 | Build | Monastery |
| 39:05 | Research | Gold Mining |
| 39:27 | Research | Fletching |
| 39:32 | Create | Cavalry Archer ×5 |
| 39:33 | Create | Cavalry Archer ×5 |
| 39:33 | Create | Cavalry Archer ×5 |
| 39:34 | Create | Cavalry Archer |
Build order — -d
First 150 of 231 actions detected
| 0:14 | Build | House |
| 0:24 | Build | Town Center |
| 0:38 | Build | House |
| 1:51 | Build | Dock |
| 2:54 | Create | Villager (Male) |
| 2:55 | Research | Loom |
| 2:59 | Create | Villager (Male) |
| 3:05 | Create | Villager (Male) |
| 3:22 | Create | Villager (Male) |
| 3:31 | Create | Villager (Male) |
| 4:33 | Create | Villager (Male) |
| 5:09 | Build | House |
| 5:33 | Create | Villager (Male) |
| 5:38 | Create | Villager (Male) |
| 5:48 | Create | Villager (Male) |
| 6:07 | Create | Villager (Male) |
| 6:31 | Create | Villager (Male) |
| 6:40 | Create | Villager (Male) |
| 6:54 | Build | House |
| 6:55 | Build | Palisade Wall |
| 6:56 | Build | Palisade Wall |
| 7:06 | Create | Villager (Male) |
| 8:04 | Create | Villager (Male) |
| 8:07 | Create | Fishing Ship |
| 8:07 | Create | Fishing Ship |
| 8:12 | Create | Villager (Male) |
| 8:14 | Create | Villager (Male) |
| 8:24 | Create | Villager (Male) |
| 8:50 | Create | Villager (Male) |
| 8:57 | Create | Fishing Ship |
| 8:57 | Create | Fishing Ship |
| 8:59 | Build | House |
| 9:20 | Create | Villager (Male) |
| 9:27 | Create | Fishing Ship |
| 9:54 | Build | House |
| 10:25 | Build | House |
| 10:59 | Build | House |
| 11:02 | Create | Villager (Male) |
| 11:04 | Build | Mining Camp |
| 11:20 | Build | Mill |
| 11:28 | Create | Villager (Male) |
| 11:35 | Build | House |
| 11:43 | Research | Feudal Age |
| 11:43 | Research | Feudal Age |
| 11:54 | Build | Palisade Wall |
| 11:55 | Build | Building 804 |
| 12:03 | Build | House |
| 12:06 | Create | Villager (Male) |
| 12:15 | Build | House |
| 12:24 | Create | Fishing Ship |
| 12:30 | Create | Villager (Male) |
| 12:58 | Build | House |
| 13:16 | Build | Palisade Gate |
| 13:17 | Build | Palisade Gate |
| 13:36 | Create | Villager (Male) |
| 14:03 | Age | Feudal Age |
| 14:08 | Create | Villager (Male) |
| 14:20 | Build | Market |
| 14:39 | Build | House |
| 15:03 | Build | Blacksmith |
| 15:47 | Research | Castle Age |
| 15:47 | Research | Castle Age |
| 15:47 | Research | Castle Age |
| 15:49 | Build | House |
| 15:52 | Build | Palisade Wall |
| 15:54 | Build | Palisade Wall |
| 16:00 | Build | Barracks |
| 16:02 | Create | Villager (Male) |
| 16:30 | Create | Villager (Male) |
| 16:49 | Build | Outpost |
| 16:56 | Create | Unit 2626 |
| 17:07 | Build | Stable |
| 17:29 | Build | Outpost |
| 17:35 | Create | Villager (Male) |
| 17:43 | Research | Scale Barding Armor |
| 17:43 | Research | Scale Barding Armor |
| 17:43 | Research | Scale Barding Armor |
| 18:03 | Build | House |
| 18:08 | Build | Outpost |
| 18:27 | Age | Castle Age |
| 18:35 | Build | Town Center |
| 18:36 | Create | Knight |
| 18:39 | Create | Steppe Lancer |
| 18:47 | Build | Outpost |
| 18:51 | Create | Camel Scout |
| 18:54 | Create | Villager (Male) |
| 19:08 | Create | Villager (Male) |
| 19:20 | Build | Outpost |
| 19:22 | Create | Villager (Male) |
| 19:45 | Create | Villager (Male) |
| 19:46 | Create | Villager (Male) |
| 19:46 | Create | Villager (Male) |
| 20:06 | Create | Villager (Male) |
| 20:15 | Create | Camel Scout |
| 20:28 | Build | Siege Workshop |
| 20:38 | Build | Farm |
| 20:44 | Build | House |
| 20:49 | Build | Farm |
| 20:51 | Build | Farm |
| 20:59 | Create | Knight |
| 21:21 | Create | Knight |
| 21:28 | Create | Battering Ram |
| 21:33 | Build | Mining Camp |
| 21:34 | Create | Villager (Male) |
| 21:35 | Create | Villager (Male) |
| 22:06 | Create | Villager (Male) |
| 22:08 | Build | Farm |
| 22:16 | Create | Villager (Male) |
| 22:19 | Create | Scorpion |
| 22:23 | Create | Villager (Male) |
| 22:26 | Build | House |
| 22:29 | Build | Farm |
| 22:42 | Create | Steppe Lancer |
| 22:55 | Create | Villager (Male) |
| 22:57 | Build | Farm |
| 23:00 | Create | Villager (Male) |
| 23:05 | Build | Farm |
| 23:14 | Build | House |
| 23:29 | Create | Villager (Male) |
| 23:32 | Build | Farm |
| 23:32 | Create | Villager (Male) |
| 24:00 | Create | Villager (Male) |
| 24:02 | Build | House |
| 24:34 | Create | Steppe Lancer |
| 24:36 | Create | Villager (Male) |
| 24:46 | Build | Castle |
| 24:51 | Create | Scorpion |
| 24:53 | Create | Villager (Male) |
| 24:55 | Build | House |
| 24:58 | Create | Steppe Lancer |
| 25:09 | Create | Villager (Male) |
| 25:15 | Create | Villager (Male) |
| 25:27 | Create | Villager (Male) |
| 25:42 | Build | House |
| 25:54 | Research | Fletching |
| 26:12 | Build | Farm |
| 26:13 | Build | Farm |
| 26:14 | Build | Farm |
| 26:22 | Create | Villager (Male) |
| 26:24 | Build | House |
| 26:34 | Build | Monastery |
| 26:41 | Create | Villager (Male) |
| 26:44 | Create | Mangudai |
| 26:48 | Create | Villager (Male) |
| 26:49 | Create | Villager (Male) |
| 26:56 | Create | Villager (Male) |
| 26:57 | Create | Villager (Male) |
| 26:57 | Create | Villager (Male) |
| 27:04 | Build | House |
| 27:28 | Create | Villager (Male) |
Build order — Viking
First 150 of 226 actions detected
| 0:54 | Build | Town Center |
| 1:16 | Build | Dock |
| 1:19 | Build | House |
| 3:16 | Research | Loom |
| 3:16 | Create | Villager (Male) |
| 3:17 | Create | Villager (Male) |
| 3:17 | Create | Villager (Male) |
| 3:17 | Create | Villager (Male) |
| 3:17 | Create | Villager (Male) |
| 4:35 | Create | Villager (Male) |
| 4:50 | Create | Fishing Ship |
| 5:18 | Build | House |
| 5:25 | Create | Villager (Male) |
| 6:03 | Research | Loom |
| 6:27 | Create | Villager (Male) |
| 6:32 | Create | Fishing Ship |
| 6:54 | Create | Villager (Male) |
| 7:04 | Create | Fishing Ship |
| 7:20 | Create | Villager (Male) |
| 7:47 | Create | Fishing Ship |
| 8:00 | Build | House |
| 8:13 | Create | Villager (Male) |
| 8:14 | Create | Villager (Male) |
| 8:20 | Create | Fishing Ship |
| 8:30 | Build | House |
| 8:45 | Create | Villager (Male) |
| 9:17 | Create | Villager (Male) |
| 9:18 | Create | Villager (Male) |
| 9:24 | Build | House |
| 9:25 | Build | House |
| 9:31 | Create | Fishing Ship |
| 9:48 | Create | Fishing Ship |
| 9:59 | Create | Villager (Male) |
| 9:59 | Create | Villager (Male) |
| 9:59 | Create | Villager (Male) |
| 9:59 | Create | Villager (Male) |
| 10:12 | Build | House |
| 10:14 | Build | House |
| 10:24 | Create | Villager (Male) |
| 10:52 | Create | Fishing Ship |
| 11:12 | Build | Lumber Camp |
| 11:19 | Create | Villager (Male) |
| 11:20 | Create | Villager (Male) |
| 12:07 | Build | Dock |
| 12:31 | Build | Mill |
| 12:40 | Create | Villager (Male) |
| 12:41 | Create | Villager (Male) |
| 12:42 | Create | Villager (Male) |
| 13:07 | Create | Fishing Ship |
| 13:07 | Create | Fishing Ship |
| 13:33 | Research | Feudal Age |
| 14:22 | Build | Mining Camp |
| 14:28 | Create | Villager (Male) |
| 14:29 | Create | Villager (Male) |
| 14:29 | Create | Villager (Male) |
| 15:40 | Create | Fishing Ship |
| 15:41 | Create | Fishing Ship |
| 15:43 | Age | Feudal Age |
| 15:50 | Build | Blacksmith |
| 15:55 | Research | Double-Bit Axe |
| 16:01 | Create | Villager (Male) |
| 16:53 | Build | Market |
| 17:19 | Create | Unit 2626 |
| 17:41 | Research | Castle Age |
| 18:11 | Build | Barracks |
| 18:43 | Create | Unit 2626 |
| 18:53 | Create | Unit 2626 |
| 19:09 | Research | Stone Mining |
| 19:21 | Create | Villager (Male) |
| 19:21 | Create | Villager (Male) |
| 19:22 | Create | Villager (Male) |
| 19:28 | Research | Horse Collar |
| 20:04 | Research | Gold Mining |
| 20:21 | Age | Castle Age |
| 20:56 | Build | Stable |
| 21:07 | Build | Castle |
| 21:12 | Research | Padded Archer Armor |
| 21:32 | Research | War Galley (upgrade) |
| 21:59 | Create | Unit 2626 |
| 22:15 | Research | Bow Saw |
| 22:19 | Research | Bloodlines |
| 22:20 | Research | Husbandry |
| 22:25 | Build | House |
| 22:27 | Build | House |
| 22:33 | Build | Stone Wall |
| 22:53 | Create | Fire Galley |
| 22:53 | Create | Fire Galley |
| 22:58 | Create | Villager (Male) |
| 22:58 | Create | Villager (Male) |
| 22:59 | Create | Villager (Male) |
| 22:59 | Create | Villager (Male) |
| 22:59 | Create | Villager (Male) |
| 23:07 | Create | Conquistador ×5 |
| 23:23 | Build | Stone Wall |
| 23:42 | Create | Fire Galley |
| 24:01 | Create | Conquistador |
| 24:19 | Build | Town Center |
| 24:30 | Build | Building 673 |
| 24:43 | Create | Conquistador |
| 24:56 | Create | Fire Galley |
| 25:08 | Create | Conquistador |
| 25:08 | Create | Conquistador |
| 26:48 | Build | Stone Wall |
| 27:06 | Create | Villager (Male) |
| 27:06 | Create | Villager (Male) |
| 27:06 | Create | Villager (Male) |
| 27:07 | Create | Villager (Male) |
| 27:07 | Create | Villager (Male) |
| 27:07 | Create | Villager (Male) |
| 27:48 | Create | Villager (Male) |
| 27:48 | Create | Villager (Male) |
| 27:48 | Create | Villager (Male) |
| 28:04 | Build | Farm |
| 28:05 | Build | Farm |
| 28:05 | Build | Farm |
| 28:05 | Build | Farm |
| 28:05 | Build | Farm |
| 28:06 | Build | Farm |
| 28:17 | Build | Town Center |
| 29:02 | Create | Villager (Male) |
| 29:02 | Create | Villager (Male) |
| 29:02 | Create | Villager (Male) |
| 29:42 | Create | Knight |
| 29:43 | Create | Knight |
| 30:10 | Create | Villager (Male) |
| 30:10 | Create | Villager (Male) |
| 30:10 | Create | Villager (Male) |
| 30:10 | Create | Villager (Male) |
| 30:46 | Build | Farm |
| 30:46 | Build | Farm |
| 30:46 | Build | Farm |
| 30:47 | Build | Farm |
| 30:47 | Build | Farm |
| 31:07 | Build | Farm |
| 31:08 | Build | Farm |
| 31:10 | Build | Farm |
| 31:10 | Build | Farm |
| 31:18 | Build | House |
| 31:19 | Build | House |
| 31:21 | Build | House |
| 31:59 | Create | Conquistador ×5 |
| 32:12 | Build | Town Center |
| 32:18 | Build | Farm |
| 32:18 | Build | Farm |
| 32:24 | Create | Villager (Male) |
| 32:25 | Create | Villager (Male) |
| 32:25 | Create | Villager (Male) |
| 32:25 | Create | Villager (Male) |
| 32:25 | Create | Villager (Male) |
| 32:29 | Build | Farm |
Build order — 重案组之虎曹达华JESSEJAMES
First 150 of 359 actions detected
| 1:07 | Build | Dock |
| 1:10 | Build | House |
| 1:54 | Build | Town Center |
| 4:09 | Create | Villager (Male) |
| 4:09 | Create | Villager (Male) |
| 4:10 | Create | Villager (Male) |
| 4:10 | Create | Villager (Male) |
| 4:10 | Create | Villager (Male) |
| 4:10 | Create | Villager (Male) |
| 4:59 | Create | Villager (Male) |
| 4:59 | Create | Villager (Male) |
| 5:32 | Create | Villager (Male) |
| 5:32 | Create | Villager (Male) |
| 5:54 | Create | Villager (Male) |
| 5:54 | Create | Villager (Male) |
| 6:06 | Build | House |
| 7:07 | Create | Villager (Male) |
| 7:07 | Create | Villager (Male) |
| 7:08 | Create | Villager (Male) |
| 7:13 | Create | Fishing Ship |
| 7:13 | Create | Fishing Ship |
| 7:24 | Build | House |
| 7:50 | Create | Villager (Male) |
| 7:50 | Create | Villager (Male) |
| 8:08 | Create | Fishing Ship |
| 8:08 | Create | Fishing Ship |
| 8:30 | Create | Villager (Male) |
| 8:30 | Create | Villager (Male) |
| 8:30 | Create | Villager (Male) |
| 8:30 | Create | Villager (Male) |
| 8:40 | Create | Fishing Ship |
| 8:40 | Create | Fishing Ship |
| 9:02 | Research | Loom |
| 9:03 | Create | Villager (Male) |
| 9:03 | Create | Villager (Male) |
| 9:04 | Create | Villager (Male) |
| 9:04 | Create | Villager (Male) |
| 9:04 | Create | Villager (Male) |
| 9:08 | Create | Fishing Ship |
| 9:08 | Create | Fishing Ship |
| 9:59 | Build | House |
| 10:08 | Build | Lumber Camp |
| 10:54 | Build | Mill |
| 11:16 | Create | Villager (Male) |
| 11:16 | Create | Villager (Male) |
| 11:35 | Research | Feudal Age |
| 11:35 | Research | Feudal Age |
| 12:30 | Build | House |
| 12:31 | Build | House |
| 12:33 | Build | House |
| 13:39 | Build | Mill |
| 13:53 | Age | Feudal Age |
| 14:00 | Build | Stone Wall |
| 14:11 | Create | Villager (Male) |
| 14:12 | Create | Villager (Male) |
| 14:16 | Research | Double-Bit Axe |
| 14:16 | Research | Double-Bit Axe |
| 14:34 | Create | Fishing Ship |
| 14:54 | Create | Villager (Male) |
| 14:55 | Create | Villager (Male) |
| 15:12 | Build | Stone Wall |
| 15:34 | Build | Stone Wall |
| 15:57 | Build | Stone Wall |
| 16:05 | Build | Building 487 |
| 16:11 | Build | Stone Wall |
| 16:42 | Create | Villager (Male) |
| 16:45 | Create | Villager (Male) |
| 17:05 | Build | Market |
| 17:08 | Build | Blacksmith |
| 17:25 | Create | Villager (Male) |
| 17:27 | Create | Villager (Male) |
| 18:20 | Research | Castle Age |
| 18:21 | Research | Castle Age |
| 18:30 | Build | Mining Camp |
| 19:20 | Research | Horse Collar |
| 19:20 | Research | Horse Collar |
| 19:54 | Build | Farm |
| 19:56 | Build | Farm |
| 20:24 | Research | Stone Mining |
| 20:24 | Research | Stone Mining |
| 20:32 | Build | Farm |
| 20:44 | Build | House |
| 20:46 | Build | House |
| 21:02 | Age | Castle Age |
| 21:09 | Research | Bow Saw |
| 21:14 | Create | Villager (Male) |
| 21:14 | Create | Villager (Male) |
| 21:38 | Build | Town Center |
| 21:53 | Create | Villager (Male) |
| 21:54 | Create | Villager (Male) |
| 22:12 | Create | Villager (Male) |
| 22:12 | Create | Villager (Male) |
| 22:12 | Create | Villager (Male) |
| 22:17 | Build | Farm |
| 22:21 | Build | Farm |
| 22:24 | Build | Farm |
| 22:31 | Build | Farm |
| 22:35 | Create | Villager (Male) |
| 22:35 | Create | Villager (Male) |
| 22:40 | Build | House |
| 22:45 | Build | House |
| 23:09 | Create | Villager (Male) |
| 23:10 | Create | Villager (Male) |
| 23:31 | Create | Villager (Male) |
| 23:31 | Create | Villager (Male) |
| 23:32 | Create | Villager (Male) |
| 23:45 | Build | House |
| 23:48 | Build | House |
| 23:49 | Build | House |
| 23:50 | Build | House |
| 23:52 | Build | House |
| 23:53 | Build | House |
| 23:59 | Create | Villager (Male) |
| 23:59 | Create | Villager (Male) |
| 24:00 | Create | Villager (Male) |
| 24:00 | Create | Villager (Male) |
| 24:28 | Build | Castle |
| 24:34 | Create | Villager (Male) |
| 24:34 | Create | Villager (Male) |
| 24:35 | Create | Villager (Male) |
| 24:35 | Create | Villager (Male) |
| 24:53 | Build | Town Center |
| 24:59 | Create | Villager (Male) |
| 24:59 | Create | Villager (Male) |
| 25:00 | Create | Villager (Male) |
| 25:00 | Create | Villager (Male) |
| 25:10 | Build | Farm |
| 25:13 | Build | Farm |
| 25:23 | Build | Farm |
| 25:35 | Create | Villager (Male) |
| 25:35 | Create | Villager (Male) |
| 25:36 | Create | Villager (Male) |
| 25:45 | Build | Farm |
| 25:48 | Build | Farm |
| 25:52 | Create | Villager (Male) |
| 25:52 | Create | Villager (Male) |
| 25:52 | Create | Villager (Male) |
| 26:10 | Build | Farm |
| 26:13 | Build | Farm |
| 26:18 | Build | Farm |
| 26:23 | Build | Farm |
| 26:25 | Create | Villager (Male) |
| 26:25 | Create | Villager (Male) |
| 26:26 | Create | Villager (Male) |
| 26:26 | Create | Villager (Male) |
| 26:36 | Create | Villager (Male) |
| 26:36 | Create | Villager (Male) |
| 26:40 | Build | Farm |
| 27:09 | Build | Mining Camp |
| 27:12 | Create | Villager (Male) |
Match timeline
| 1:07 | 重案组之虎曹达华JESSEJAMES · first_building Dock |
| 1:16 | Viking · first_building Dock |
| 1:51 | messenger1 · first_building Dock |
| 1:51 | -d · first_building Dock |
| 1:52 | trinhhoangduc90 · first_building Dock |
| 3:33 | DongHan · first_building Dock |
| 6:55 | -d · wall_segment Palisade Wall x1 |
| 6:56 | -d · wall_segment Palisade Wall x1 |
| 11:54 | -d · wall_segment Palisade Wall x6 |
| 12:15 | DongHan · wall_segment Palisade Wall x4 |
| 13:30 | trinhhoangduc90 · first_building Barracks |
| 13:32 | DongHan · age_up feudal |
| 13:53 | 重案组之虎曹达华JESSEJAMES · age_up feudal |
| 14:00 | 重案组之虎曹达华JESSEJAMES · wall_segment Stone Wall x2 |
| 14:03 | -d · age_up feudal |
| 14:20 | trinhhoangduc90 · age_up feudal |
| 15:12 | 重案组之虎曹达华JESSEJAMES · wall_segment Stone Wall x11 |
| 15:19 | messenger1 · age_up feudal |
| 15:34 | 重案组之虎曹达华JESSEJAMES · wall_segment Stone Wall x9 |
| 15:43 | Viking · age_up feudal |
| 15:52 | -d · wall_segment Palisade Wall x3 |
| 15:54 | -d · wall_segment Palisade Wall x1 |
| 15:57 | 重案组之虎曹达华JESSEJAMES · wall_segment Stone Wall x10 |
| 16:00 | -d · first_building Barracks |
| 16:11 | 重案组之虎曹达华JESSEJAMES · wall_segment Stone Wall x7 |
| 16:24 | trinhhoangduc90 · first_building Stable |
| 16:43 | DongHan · first_building Barracks |
| 17:07 | -d · first_building Stable |
| 17:39 | JacobitoHigh · first_market_sell 100 food |
| 17:56 | DongHan · age_up castle |
| 18:01 | 重案组之虎曹达华JESSEJAMES · first_market_sell 100 food |
| 18:11 | Viking · first_building Barracks |
| 18:27 | -d · age_up castle |
| 19:23 | DongHan · resign |
| 19:26 | TmZ_rogers · age_up feudal |
| 20:04 | trinhhoangduc90 · age_up castle |
| 20:21 | Viking · age_up castle |
| 20:22 | TmZ_rogers · first_building Barracks |
| 20:28 | -d · first_building Siege Workshop |
| 20:56 | Viking · first_building Stable |
| 21:02 | 重案组之虎曹达华JESSEJAMES · age_up castle |
| 21:07 | Viking · first_building Castle |
| 21:22 | messenger1 · age_up castle |
| 21:22 | TmZ_rogers · wall_segment Palisade Wall x6 |
| 21:42 | JacobitoHigh · first_building Monastery |
| 21:45 | messenger1 · first_market_buy 100 stone |
| 22:33 | Viking · wall_segment Stone Wall x1 |
| 23:23 | Viking · wall_segment Stone Wall x8 |
| 24:28 | 重案组之虎曹达华JESSEJAMES · first_building Castle |
| 24:46 | -d · first_building Castle |
| 26:03 | TmZ_rogers · first_building Stable |
| 26:16 | TmZ_rogers · first_market_buy 100 food |
| 26:19 | JacobitoHigh · first_building Barracks |
| 26:34 | -d · first_building Monastery |
| 26:48 | Viking · wall_segment Stone Wall x14 |
| 27:08 | trinhhoangduc90 · first_building Castle |
| 27:56 | JacobitoHigh · first_building Archery Range |
| 28:15 | JacobitoHigh · first_building Castle |
| 29:02 | messenger1 · wall_segment Palisade Wall x1 |
| 29:04 | TmZ_rogers · age_up castle |
| 29:20 | JacobitoHigh · first_building Siege Workshop |
| 29:26 | TmZ_rogers · first_building Castle |
| 29:42 | messenger1 · first_building Castle |
| 30:13 | messenger1 · first_building Barracks |
| 30:38 | TmZ_rogers · first_building Siege Workshop |
| 30:54 | messenger1 · first_building Siege Workshop |
| 31:33 | messenger1 · first_building Stable |
| 31:35 | messenger1 · first_building Archery Range |
| 31:57 | 重案组之虎曹达华JESSEJAMES · first_market_buy 100 wood |
| 32:12 | trinhhoangduc90 · first_building Archery Range |
| 32:20 | -d · wall_segment Stone Wall x1 |
| 32:21 | -d · wall_segment Stone Wall x1 |
| 32:24 | -d · wall_segment Stone Wall x5 |
| 32:47 | 重案组之虎曹达华JESSEJAMES · first_building Barracks |
| 33:52 | Viking · first_building Monastery |
| 34:00 | messenger1 · tribute_sent a jugador 1 |
| 34:00 | messenger1 · tribute_sent a jugador 3 |
| 34:00 | messenger1 · tribute_sent a jugador 4 |
| 34:00 | messenger1 · tribute_sent a jugador 5 |
| 34:00 | messenger1 · tribute_sent a jugador 6 |
| 34:00 | messenger1 · tribute_sent a jugador 7 |
| 34:00 | messenger1 · tribute_sent a jugador 8 |
| 34:02 | TmZ_rogers · tribute_sent a jugador 1 |
| 34:02 | TmZ_rogers · tribute_sent a jugador 2 |
| 34:02 | TmZ_rogers · tribute_sent a jugador 3 |
| 34:02 | TmZ_rogers · tribute_sent a jugador 4 |
| 34:02 | TmZ_rogers · tribute_sent a jugador 5 |
| 34:02 | TmZ_rogers · tribute_sent a jugador 6 |
| 34:02 | TmZ_rogers · tribute_sent a jugador 7 |
| 34:05 | trinhhoangduc90 · wall_segment Stone Wall x1 |
| 34:15 | messenger1 · first_market_sell 500 stone |
| 34:23 | trinhhoangduc90 · wall_segment Stone Wall x1 |
| 35:16 | 重案组之虎曹达华JESSEJAMES · age_up imperial |
| 35:35 | 重案组之虎曹达华JESSEJAMES · first_building Siege Workshop |
| 36:36 | messenger1 · age_up imperial |
| 38:11 | trinhhoangduc90 · first_building Siege Workshop |
| 38:24 | TmZ_rogers · wall_segment Palisade Wall x1 |
| 39:03 | JacobitoHigh · first_market_buy 100 food |
| 39:22 | messenger1 · tribute_sent a jugador 1 |
| 39:22 | messenger1 · tribute_sent a jugador 3 |
| 39:22 | messenger1 · tribute_sent a jugador 4 |
| 39:22 | messenger1 · tribute_sent a jugador 5 |
| 39:22 | messenger1 · tribute_sent a jugador 6 |
| 39:22 | messenger1 · tribute_sent a jugador 7 |
| 39:22 | messenger1 · tribute_sent a jugador 8 |
| 40:27 | Viking · age_up imperial |
| 42:44 | TmZ_rogers · age_up imperial |
| 43:57 | Viking · first_market_sell 500 food |
[ AI ANALYSIS · 1 CREDIT ]
What really happened in this match?
Wolo.gg analyzes every decision: build order, eco, micro, common mistakes by bracket. Personalized analysis on WhatsApp or Discord in 30 seconds.
Civ guide
Poles
Perfil
Jugador #699838